 Dungeon Crawl Stone Soup version 0.16.0-11-gd45b091 (webtiles) character file.

9508 Leibowitz the Spear-Bearer (level 11, -4/87 HPs)
             Began as a Merfolk Gladiator on Mar 17, 2015.
             Was an Initiate of Gozag.
             Slain by a warg (12 damage)
             ... on level 3 of the Orcish Mines.
             The game lasted 00:42:44 (11808 turns).

Leibowitz the Spear-Bearer (Merfolk Gladiator)     Turns: 11808, Time: 00:42:44

Health: -4/87      AC: 12    Str: 15    XL:     11   Next: 47%
Magic:  14/14      EV: 14    Int:  7    God:    Gozag
Gold:   1893       SH:  0    Dex: 23    Spells: 0 memorised, 10 levels left

rFire  . . .     SeeInvis +     a - +1 trident
rCold  . . .     Clarity  .     J - +0 chain mail of Grauwuc {rPois MR- Dex+4 SInv}
rNeg   . . .     SustAb   .     (no shield)
rPois  +         Gourm    .     C - +2 hat
rElec  .         Spirit   .     q - +0 cloak
rCorr  +         Warding  .     (no gloves)
rMut   .         Stasis   .     (no boots)
MR     .....                    y - amulet of resist corrosion
Stlth  ..........               z - ring of see invisible
                                I - ring of protection from magic

@: drained, not resistant to hostile enchantments, extremely unstealthy
A: change form in water, swift swim
a: Potion Petition, Call Merchant, Bribe Branch, Renounce Religion


You were on level 3 of the Orcish Mines.
You worshipped Gozag.
Gozag was noncommittal.
You were not hungry.

You visited 3 branches of the dungeon, and saw 14 of its levels.

You collected 2601 gold pieces.
You spent 546 gold pieces at shops.
You paid 162 gold pieces to Gozag.

Inventory:

Hand weapons
 a - a +1 trident (weapon)
 s - a cursed +0 scythe
Missiles
 b - 58 poisoned needles
 c - 8 curare-tipped needles
 F - a throwing net (quivered)
Armour
 k - the +3 ring mail "Suasesm" {rElec}
   (You found it on level 4 of the Dungeon)

   It insulates you from electricity.
 q - a +0 cloak (worn)
 B - a cursed +2 robe of cold resistance
 C - a +2 hat (worn)
 J - the +0 chain mail of Grauwuc (worn) {rPois MR- Dex+4 SInv}
   (You took it off a kobold on level 10 of the Dungeon)

   It affects your dexterity (+4).
   It protects you from poison.
   It affects your resistance to hostile enchantments.
   It enhances your eyesight.
Jewellery
 e - an uncursed ring of ice
 u - an uncursed ring of teleport control
 y - an amulet of resist corrosion (around neck)
 z - a ring of see invisible (right hand)
 D - an uncursed amulet of stasis
 I - a ring of protection from magic (left hand)
Magical devices
 d - a wand of cold (3)
 r - a wand of confusion (26)
 t - a wand of magic darts (1)
 G - a wand of polymorph (19)
 K - a wand of heal wounds (3)
Scrolls
 h - 5 scrolls of teleportation
 i - 2 scrolls of blinking
 j - 2 scrolls of magic mapping
 l - a scroll of fog
 o - 6 scrolls of remove curse
 p - 9 scrolls of identify
 v - 3 scrolls of enchant armour
 A - 3 scrolls of enchant weapon
Potions
 g - 2 potions of magic
 w - a potion of curing
 E - a potion of lignification
 H - 2 potions of restore abilities
Comestibles
 f - 3 bread rations
 m - 13 fruits
 n - 3 meat rations
 x - 2 royal jellies


   Skills:
 * Level 8.9(7.8) Fighting
 + Level 12.9(11.7) Polearms
 + Level 2.2(1.4) Throwing
 + Level 5.7(4.8) Armour
 * Level 12.8(11.6) Dodging
 + Level 4.6(3.7) Stealth
 * Level 2.0(1.1) Evocations


You had 10 spell levels left.
You didn't know any spells.

Dungeon Overview and Level Annotations

Branches:
Dungeon (10/15)            Temple (1/1) D:5             Orc (3/4) D:10
   Lair: D:8-11         Elf: Orc:3-4

Altars:
Ashenzari
Cheibriados
Dithmenos
Elyvilon
Fedhas
Gozag
Kikubaaqudgha
Makhleb
Nemelex Xobeh
Okawaru
Qazlal
Ru
Sif Muna
Trog
Vehumet
Xom
Yredelemnul
Zin
The Shining One

Shops:
Orc:2 }=

Annotations:
D:10 Nergalle


Message History

The warg bites you!
* * * LOW HITPOINT WARNING * * *
Found 15 gold pieces.
The orc hits you but does no damage. The warg bites you but does no damage.
The warg bites you but does no damage. The warg misses you.
The warg barely misses you. The warg misses you.
The warg pauses to sniff the ground.
The warg bites you!
* * * LOW HITPOINT WARNING * * *
The warg bites you.
* * * LOW HITPOINT WARNING * * *
Drink which item? (? for menu, Esc to quit)
You feel better. The warg misses you. The warg closely misses you.
There is a stone staircase leading up here.
The warg bites you!
You die...
Your body crumbles into a pile of gold.

.......
##...#....)>..#...
.$##.
##.#o#.....))......
#.....o.(..........
##.#.#.............
$
####o.............
##.oo.......#.... $
#........#.##....
##h........## #.#
#@..........# .
##......##.#
###..### # ####


You could see a warg, an orc warrior and 3 orcs.

Vanquished Creatures
  Fannar (D:10)
  A hydra (D:7)
  An orc high priest (Orc:3)
  An unseen horror (D:9)
  Pikel (D:4)
  Joseph (D:6)
  2 kobold demonologists (D:10)
  Grinder (D:6)
  A two-headed ogre (D:10)
  4 hippogriffs
  2 water moccasins
  Menkaure (D:6)
  A warg (Orc:2)
  2 black bears
  A necrophage (D:8)
  A phantom (D:9)
  5 orc warriors
  2 sky beasts
  3 centaurs
  3 slaves (D:4)
  5 ogres
  Sigmund (D:2)
  A big kobold (D:10)
  7 giant frogs
  Blork the orc (D:5)
  3 scorpions
  4 killer bees (D:9)
  3 wights (D:3)
  2 crimson imps
  5 hounds
  4 jellies
  3 giant frog skeletons
  10 orc priests
  An iguana (D:7)
  5 worker ants
  10 orc wizards
  Ijyb (D:6)
  A hound skeleton (D:8)
  A mummy (D:10)
  A gnoll (D:1)
  3 shadow imps
  8 adders
  3 worms (D:2)
  An adder zombie (D:6)
  2 adder skeletons (D:4)
  5 giant geckos
  3 oozes
  89 orcs
  A bat skeleton (D:5)
  13 goblins
  16 hobgoblins
  5 quokkas
  16 bats
  6 giant cockroaches
  A giant gecko skeleton (D:4)
  3 giant newts
  3 jackals (D:2)
  13 kobolds
  A quokka zombie (D:8)
  20 rats
316 creatures vanquished.

Vanquished Creatures (others)
  A goblin (D:4)
1 creature vanquished.

Grand Total: 317 creatures vanquished

Notes
Turn   | Place    | Note
--------------------------------------------------------------
     0 | D:1      | Leibowitz, the Merfolk Gladiator, began the quest for the Orb.
     0 | D:1      | Reached XP level 1. HP: 16/16 MP: 1/1
   214 | D:1      | Reached XP level 2. HP: 21/23 MP: 2/2
  1190 | D:2      | Noticed Sigmund
  1448 | D:2      | Reached skill level 5 in Polearms
  1448 | D:2      | Reached XP level 3. HP: 28/28 MP: 3/3
  1900 | D:2      | Found a sparkling altar of Nemelex Xobeh.
  1970 | D:2      | Reached XP level 4. HP: 34/34 MP: 4/4
  2079 | D:2      | Reached skill level 5 in Dodging
  2083 | D:2      | Reached skill level 1 in Stealth
  2418 | D:2      | Killed Sigmund
  2418 | D:2      | Reached skill level 1 in Armour
  2418 | D:2      | Reached XP level 5. HP: 40/40 MP: 5/5
  2773 | D:3      | Reached skill level 6 in Polearms
  2773 | D:3      | Reached XP level 6. HP: 47/47 MP: 6/6
  3836 | D:4      | Noticed Pikel
  4094 | D:4      | Got an encrusted ring mail
  4105 | D:4      | Identified the +3 ring mail "Suasesm" {rElec} (You found it on level 4 of the Dungeon)
  4258 | D:4      | Killed Pikel
  4258 | D:4      | Reached skill level 7 in Polearms
  4258 | D:4      | Reached skill level 8 in Dodging
  4258 | D:4      | Reached XP level 7. HP: 30/55 MP: 7/7
  4258 | D:4      | Reached XP level 8. HP: 33/61 MP: 8/8
  4762 | D:5      | Entered Level 5 of the Dungeon
  4894 | D:5      | Found a staircase to the Ecumenical Temple.
  4906 | Temple   | Entered the Ecumenical Temple
  5020 | Temple   | Became a worshipper of Gozag Ym Sagoz the Greedy
  5085 | D:5      | Noticed Blork the orc
  5097 | D:5      | Killed Blork the orc
  5545 | D:5      | Reached skill level 9 in Dodging
  5776 | D:6      | Reached skill level 5 in Fighting
  5812 | D:6      | Noticed Menkaure
  5819 | D:6      | Killed Menkaure
  6296 | D:6      | Noticed Grinder
  6316 | D:6      | Killed Grinder
  6316 | D:6      | Reached XP level 9. HP: 65/68 MP: 9/9
  6419 | D:6      | Reached skill level 10 in Dodging
  6456 | D:6      | Noticed Ijyb
  6466 | D:6      | Killed Ijyb
  6736 | D:7      | Noticed Joseph
  6751 | D:6      | Killed Joseph
  7306 | D:7      | Noticed a four-headed hydra
  7322 | D:7      | Killed a four-headed hydra
  7322 | D:7      | Reached skill level 10 in Polearms
  7322 | D:7      | Reached skill level 11 in Dodging
  7322 | D:7      | Reached XP level 10. HP: 30/77 MP: 10/10
  7982 | D:8      | Found a radiant altar of Vehumet.
  8050 | D:8      | Reached skill level 5 in Armour
  8546 | D:9      | Noticed an unseen horror
  8552 | D:9      | Killed an unseen horror
  9175 | D:10     | Entered Level 10 of the Dungeon
  9233 | D:10     | Noticed Fannar
  9262 | D:10     | Killed Fannar
  9262 | D:10     | Reached skill level 12 in Polearms
  9262 | D:10     | Reached XP level 11. HP: 37/86 MP: 11/11
  9555 | D:10     | Found a staircase to the Orcish Mines.
  9625 | D:10     | Got a pitted chain mail
  9636 | D:10     | Identified the +0 chain mail of Grauwuc {rPois MR- Dex+4 SInv} (You took it off a kobold on level 10 of the Dungeon)
  9712 | D:10     | Noticed Nergalle
 10022 | Orc:1    | Entered Level 1 of the Orcish Mines
 10279 | Orc:2    | Found Mooxaiwu's Jewellery Boutique.
 10657 | Orc:2    | Found Gairghia's Gadget Boutique.
 10668 | Orc:2    | Bought a wand of heal wounds (3) for 546 gold pieces
 11089 | Orc:1    | Reached skill level 1 in Evocations
 11734 | Orc:3    | Found an iron altar of Okawaru.
 11749 | Orc:3    | Noticed an orc high priest
 11768 | Orc:3    | Killed an orc high priest
 11804 | Orc:3    | HP: 2/87 [warg (5)]
 11808 | Orc:3    | Slain by a warg

Action                   |  1- 3 |  4- 6 |  7- 9 | 10-12 || total
-------------------------+-------+-------+-------+-------++-------
Melee: Trident           |    77 |   195 |   249 |   551 ||  1072
Throw: Throwing net      |       |     1 |     1 |     2 ||     4
Evoke: Wand              |       |       |       |     8 ||     8
  Use: Scroll            |       |    10 |     3 |     3 ||    16
       Potion            |       |     4 |     4 |     7 ||    15
 Stab: Sleeping          |     1 |     5 |     4 |     4 ||    14
       Distracted        |       |       |     1 |     6 ||     7
       Held in net/web   |       |       |       |     1 ||     1
  Eat: Chunk             |     3 |     7 |     3 |       ||    13
       Meat ration       |       |       |     1 |     2 ||     3
       Beef jerky        |       |       |     1 |       ||     1
       Bread ration      |       |       |     1 |       ||     1
       Fruit             |       |       |       |     4 ||     4
